 Dungeon Crawl Stone Soup version 0.28-a0-1199-gef9e1dbd39 (webtiles) character file.

Game seed: 11648309999512270542

9627 ChaosChampion the Grappler (level 11, -8/94 HPs)
             Began as a Grey Draconian Transmuter on Dec 19, 2021.
             Was a Believer of Ru.
             Mangled by a killer bee (9 damage)
             ... on level 10 of the Dungeon.
             The game lasted 00:20:41 (12860 turns).

ChaosChampion the Grappler (DrTm)                  Turns: 12860, Time: 00:20:41

Health: -8/94      AC: 14    Str: 13    XL:     11   Next: 25%
Magic:  0/14       EV: 15    Int: 17    God:    Ru [**....]
Gold:   594        SH:  4    Dex: 18    Spells: 8/14 levels left

rFire   . . .      SeeInvis .     - Unarmed
rCold   + . .      Faith    .   b - +0 buckler "Ciaschipy" {rC+}
rNeg    . . .      Spirit   +   (armour unavailable)
rPois   .          Reflect  .   (helmet currently unavailable)
rElec   .          Harm     .   a - +0 cloak
rCorr   .          Rampage  .   i - +0 pair of gloves
Will    .....                   (boots currently unavailable)
Stlth   ++........              r - amulet of guardian spirit
HPRegen 0.25/turn               e - ring of wizardry
MPRegen 0.14/turn               B - +6 ring of dexterity

@: lethally poisoned (-8 -> -13), appendages, hasted, very quick
A: horns 2, talons 2, AC +12, amphibious, unfitting armour, cold-blooded, hated
by all, missing an eye
a: End Transformation, Renounce Religion


You were on level 10 of the Dungeon.
You worshipped Ru.
Ru was pleased with you.
You had temporarily grown beastly horns and talons.
You visited 2 branches of the dungeon, and saw 11 of its levels.

You collected 710 gold pieces.
You spent 116 gold pieces at shops.

Inventory:

Hand Weapons
 w - the +6 shillelagh "Devastator" {shatter}
   (You found it on level 4 of the Dungeon)

   It releases a powerful concussive burst when it strikes, dealing extra damage
   to the target and all other foes adjacent to them.
Missiles
 h - 33 poisoned darts (quivered)
 q - a throwing net
Armour
 a - a +0 cloak (worn)
 b - the +0 buckler "Ciaschipy" (worn) {rC+}
   (You found it on level 5 of the Dungeon)

   rC:        It protects you from cold.
 c - a +0 pair of boots (melded)
 i - a +0 pair of gloves (worn)
Magical Staves
 F - a staff of cold
Jewellery
 e - a ring of wizardry (left hand)
 l - an amulet of magic regeneration
 r - an amulet of guardian spirit (around neck)
 v - a ring of positive energy
 B - a +6 ring of dexterity (right hand)
 C - a ring of flight
Wands
 G - a wand of paralysis (18)
 H - a wand of iceblast (3)
Scrolls
 d - 4 scrolls of teleportation
 g - a scroll of immolation {unknown}
 k - 5 scrolls of identify
 s - 3 scrolls of blinking {unknown}
 u - 2 scrolls of fog {unknown}
 y - 2 scrolls of magic mapping {unknown}
 D - a scroll of enchant weapon
 E - 2 scrolls of amnesia {unknown}
Potions
 j - 6 potions of attraction
 m - a potion of invisibility
 n - 3 potions of flight
 o - 2 potions of lignification
 p - a potion of mutation {unknown}
 t - 2 potions of cancellation {unknown}
 x - 4 potions of might
 z - a potion of brilliance {unknown}
 A - a potion of heal wounds {unknown}
 I - a potion of degeneration


   Skills:
 + Level 7.9 Fighting
 + Level 6.7 Dodging
 * Level 12.3 Unarmed Combat
 - Level 2.0 Spellcasting
 + Level 8.7 Transmutations


You had 8 spell levels left.
You knew the following spells:

 Your Spells              Type           Power      Damage    Failure   Level
a - Beastly Appendage     Tmut           62%        N/A       1%          1
b - Wereblood             Tmut           31%        N/A       1%          2
c - Spider Form           Tmut/Pois      16%        N/A       6%          3

Your spell library contained the following spells:

 Spells                   Type           Power      Damage    Failure   Level
 Ignite Poison            Fire/Tmut/Pois 11%        N/A       12%         3
 Sublimation of Blood     Necr           1%         N/A       19%         2
 Ice Form                 Ice/Tmut       16%        N/A       21%         4
 Petrify                  Tmut/Erth      16%        N/A       21%         4
 Mephitic Cloud           Conj/Pois/Air  1%         N/A       34%         3
 Irradiate                Conj/Tmut      8%         3d16      50%         5
 Fulminant Prism          Conj/Hex       0%         3d6       75%         4
 Iskenderun's Mystic Bla  Conj/Tloc      1%         2d3       75%         4
 Freezing Cloud           Conj/Ice/Air   0%         6-21      96%         5
 Lee's Rapid Deconstruct  Erth           0%         3d5*      96%         5
 Storm Form               Tmut/Air       8%         N/A       100%        7
 Maxwell's Capacitive Co  Air            0%         ∞         100%        8
 Summon Small Mammal      Summ           Unusable   N/A       N/A         1
 Call Canine Familiar     Summ           Unusable   N/A       N/A         3
 Summon Guardian Golem    Hex/Summ       Unusable   N/A       N/A         3
 Summon Lightning Spire   Summ/Air       Unusable   N/A       N/A         4

Dungeon Overview and Level Annotations

Branches:
Dungeon (10/15)            Temple (1/1) D:4
   Lair: D:8-11         Orc: D:9-12

Altars:
Ashenzari
Cheibriados
Dithmenos
Elyvilon
Fedhas
Gozag
Hepliaklqana
Kikubaaqudgha
Makhleb
Nemelex Xobeh
Okawaru
Qazlal
Ru
Sif Muna
Trog
Uskayaw
Vehumet
Wu Jian
Xom
Yredelemnul
Zin
The Shining One

Shops:
D:4 *   D:9 !

Annotations:
D:7 3 runed translucent doors, exclusion: 3 doors, Glokmah's ghost, novice DEVM


Innate Abilities, Weirdness & Mutations

You have temporarily grown beastly horns and talons.
Your dull iron-grey scales are very hard. (AC +12)
You are amphibious.
You cannot fit into any form of body armour.
You are cold-blooded and may be slowed by cold attacks.
You are hated by all.
You are missing an eye, making it more difficult to aim.


Message History

The killer bee goes berserk!
Casting: Spider Form (mildly dangerous; 6% risk of failure)
Confirm with . or Enter, or press ? or * to list all spells.
You grow a pair of large bovine horns.
Your feet morph into talons.
Your +0 pair of boots melds into your body.
The killer bee barely misses you. The killer bee stings you.
* * * LOW HITPOINT WARNING * * *
You are lethally poisoned!
The killer bee poisons you!
Okay, then.
You punch the killer bee! Your kick misses the killer bee.
The killer bee is heavily wounded.
* * * LOW HITPOINT WARNING * * *
You feel sick. You block the killer bee's attack.
The killer bee rages.
You redirect the killer bee's attack!
The killer bee stings the killer bee.
The killer bee is poisoned.
The killer bee poisons the killer bee!
You catch the helpless killer bee completely off-guard!
You punch the killer bee!
You kill the killer bee!
* * * LOW HITPOINT WARNING * * *
You feel sick.
The killer bee rages. x2
You redirect the killer bee's attack!
The killer bee barely misses itself.
You strike the helpless killer bee from behind!
You punch the killer bee!
The killer bee is heavily wounded.
* * * LOW HITPOINT WARNING * * *
You feel sick. The killer bee stings you.
* * * LOW HITPOINT WARNING * * *
The killer bee misses you.
Okay, then.
As you read the scroll of fear, it crumbles to dust.
You assume a fearsome visage.
The killer bee is unaffected.
The queen bee looks frightened!
The killer bee is unaffected.
* * * LOW HITPOINT WARNING * * *
You feel sick. The killer bee stings you!
You die...

#.#
#.#...............
#.#
#.##........###.## #
#.# #.###.....#.#
####.# #.###.##..###
.).#.####.##..##†##
##))...##....###y#
##.......#### #y#
##..........## #y#
..........#...##@#
.#........###....####
###.....#.# ###.....#
#.........# ##.##.#
#.......#.# ##.# .#
#.......#.# #..#
##.....##.# #.#####..
##(..###.# ##.......#
#.###..#######


You could see a queen bee (fleeing) and 2 killer bees.

Vanquished Creatures
  A boulder beetle (D:8)
  2 two-headed ogres (D:9)
  Pikel (D:6)
  A deep elf pyromancer (D:8)
  2 guardian serpents (shapeshifter) (D:8)
  An unseen horror (D:10)
  A troll (D:5)
  A hornet (D:8)
  A wyvern (D:10)
  7 yaks (D:9)
  2 wraiths
  A water moccasin (D:6)
  Duvessa (D:7)
  3 orc warriors
  A sky beast (D:7)
  3 ice beasts
  A black bear (D:4)
  2 ogres (D:4)
  3 centaurs
  2 phantoms
  2 kobold brigands
  A bullfrog (D:7)
  A water moccasin zombie (D:5)
  A water moccasin skeleton (D:5)
  Dowan (D:7)
  19 killer bees (D:10)
  3 wights (D:10)
  4 bullfrog zombies
  2 centaur zombies
  3 jellies
  7 orc priests
  2 bullfrog skeletons
  A gnoll shaman (D:5)
  2 hounds
  Terence (D:3)
  4 iguanas
  6 orc wizards
  A scorpion zombie (D:5)
  3 killer bee zombies
  A howler monkey zombie (D:6)
  7 gnolls
  7 adders
  2 white imps (D:5)
  2 dart slugs
  21 orcs
  4 endoplasms
  4 giant cockroaches
  4 goblins
  6 hobgoblins
  14 jackals
  24 kobolds
  5 quokkas
  25 ball pythons
  7 bats
  3 frilled lizards
  4 rats
241 creatures vanquished.

Vanquished Creatures (collateral kills)
  An ogre (D:5)
1 creature vanquished.

Vanquished Creatures (others)
  A yak (D:9)
  A centaur (D:8)
  A kobold brigand (D:9)
  A fungus (D:2)
  4 plants (D:2)
8 creatures vanquished.

Grand Total: 250 creatures vanquished

Notes
Turn   | Place    | Note
-------+----------+-------------------------------------------
     0 | D:1      | ChaosChampion the Draconian Transmuter began the quest for
                  | the Orb.
     0 | D:1      | Reached XP level 1. HP: 16/16 MP: 3/3
   134 | D:1      | Reached XP level 2. HP: 23/23 MP: 3/5
   670 | D:1      | Reached XP level 3. HP: 23/28 MP: 4/6
   860 | D:1      | Reached skill level 4 in Unarmed Combat
  1032 | D:2      | Found a faded altar of an unknown god.
  1740 | D:1      | Learned a level 2 spell: Wereblood
  1768 | D:2      | Reached XP level 4. HP: 35/35 MP: 7/7
  1805 | D:2      | Learned a level 3 spell: Spider Form
  2213 | D:2      | Reached skill level 5 in Unarmed Combat
  2384 | D:2      | Reached XP level 5. HP: 40/40 MP: 5/8
  2999 | D:3      | Noticed Terence
  3014 | D:3      | Killed Terence
  3379 | D:4      | Found a staircase to the Ecumenical Temple.
  3391 | Temple   | Entered the Ecumenical Temple
  3506 | Temple   | Became a worshipper of Ru the Awakened
  3659 | D:4      | Found the +6 shillelagh "Devastator" {shatter}
  3678 | D:4      | Noticed an ogre
  3693 | D:4      | Killed an ogre
  3694 | D:4      | Reached skill level 6 in Unarmed Combat
  3694 | D:4      | Reached XP level 6. HP: 47/47 MP: 9/9
  3745 | D:4      | HP: 1/47 [phantom (4)]
  4548 | D:4      | Reached skill level 7 in Unarmed Combat
  4548 | D:4      | Your scales start taking on a dull iron-grey colour.
  4548 | D:4      | Reached XP level 7. HP: 52/52 MP: 10/10
  4722 | D:4      | Found Tilanlen's Assorted Antiques.
  4726 | D:4      | Bought a yellow potion for 24 gold pieces
  4726 | D:4      | Bought a scroll labelled OKLORUIGIC for 27 gold pieces
  4726 | D:4      | Bought a scroll labelled ERYOTI LOTHAPT for 27 gold pieces
  4726 | D:4      | Bought a yellow potion for 24 gold pieces
  4750 | D:5      | Entered Level 5 of the Dungeon
  4861 | D:5      | Reached skill level 5 in Transmutations
  5455 | D:5      | Identified the +0 buckler "Ciaschipy" {rC+}
  5564 | D:5      | Noticed a troll
  5576 | D:5      | Killed a troll
  5577 | D:5      | Reached skill level 8 in Unarmed Combat
  5577 | D:5      | Reached XP level 8. HP: 26/62 MP: 11/11
  5775 | D:5      | Found a basalt altar of Yredelemnul.
  6284 | D:5      | Gained mutation: You are hated by all. [Ru sacrifice]
  6284 | D:5      | Reached * piety under Ru
  6284 | D:5      | Reached ** piety under Ru
  6529 | D:6      | Noticed Pikel
  6544 | D:6      | Killed Pikel
  6545 | D:6      | Reached skill level 9 in Unarmed Combat
  6582 | D:6      | Identified the +5 dagger of Quantum Leap {vorpal, Int+4
                  | Dex+2}
  6643 | D:6      | Reached XP level 9. HP: 33/72 MP: 9/12
  7799 | D:7      | Reached skill level 5 in Fighting
  8327 | D:7      | Noticed Duvessa
  8327 | D:7      | Noticed Dowan
  8336 | D:7      | Killed Duvessa
  8336 | D:7      | Killed Dowan
  8550 | D:7      | Found a runed translucent gate.
  8550 | D:7      | Found a runed translucent gate.
  8551 | D:7      | Found a runed translucent gate.
  8551 | D:7      | Noticed Glokmah's ghost (novice DEVM)
  8553 | D:7      | Noticed a centaur warrior
  8655 | D:7      | Reached skill level 10 in Unarmed Combat
  9181 | D:8      | Gained mutation: You are missing an eye, making it more
                  | difficult to aim. [Ru sacrifice]
  9703 | D:8      | Noticed a boulder beetle
  9707 | D:8      | Reached skill level 5 in Dodging
  9729 | D:8      | Killed a boulder beetle
  9730 | D:8      | Reached XP level 10. HP: 27/83 MP: 4/13
 10860 | D:8      | Noticed a deep elf pyromancer
 10865 | D:8      | Noticed a fire crab
 10866 | D:8      | Noticed a guardian serpent
 10866 | D:8      | a spriggan changed into a guardian serpent
 10871 | D:8      | Killed a deep elf pyromancer
 10876 | D:8      | Noticed a guardian serpent
 10876 | D:8      | a fire crab changed into a guardian serpent
 10879 | D:8      | Killed a guardian serpent
 10880 | D:8      | Reached skill level 11 in Unarmed Combat
 10883 | D:8      | Killed a guardian serpent
 11070 | D:9      | Noticed a two-headed ogre
 11099 | D:9      | Killed a two-headed ogre
 11979 | D:9      | Found Coicit's Distillery.
 11984 | D:9      | Bought a potion of degeneration for 14 gold pieces
 12000 | D:9      | Noticed a two-headed ogre
 12005 | D:9      | Killed a two-headed ogre
 12134 | D:10     | Entered Level 10 of the Dungeon
 12152 | D:10     | Reached XP level 11. HP: 83/92 MP: 9/14
 12242 | D:10     | Reached skill level 12 in Unarmed Combat
 12859 | D:10     | HP: 3/94 [killer bee (3)]
 12860 | D:10     | HP: 1/94 [poisoned by a killer bee]
 12860 | D:10     | Mangled by a killer bee

Illustrated notes

Levels and vault maps discovered:
D:1:      elethiomel_arrival_infinity_welcomes_careful_drivers, layout_basic
D:2:      layout_loops_ring, dreamdust_ecumenical_altar_grove,
          minmay_snake_closets, uniq_crazy_yiuf_cottage
D:3:      layout_loops_ring, minmay_misc_feat_four_crosses,
          guppyfry_early_lair_pool, uniq_terence
D:4:      layout_basic, minmay_temple_entry_proselytizer, serial_shops, shop
D:5:      layout_basic, nicolae_yredelemnul_corpse_copse
D:6:      layout_basic, uniq_pikel
D:7:      layout_gridville, gammafunk_ghost_split, uniq_duvessa
D:8:      minmay_cornered_nines, layout_basic
D:9:      layout_basic, serial_shops, nicolae_shop_hallway_plus,
          hangedman_decor_opposing
D:10:     layout_rooms, special_room [special_room_bee]
Temple:   minmay_crystal_snake_temple

Skill      XL: |  1  2  3  4  5  6  7  8  9 10 11 |
---------------+----------------------------------+-----
Unarmed Combat | 4 5 6 7 8 9 10 11 12 | 12.3
Transmutations | 3 4 5 6 7 8 |  8.7
Dodging        | 2 3 5 6 |  6.7
Fighting       | 2 4 6 7 |  7.9
Spellcasting   | |  2.0

Action                   |  1- 3 |  4- 6 |  7- 9 | 10-12 || total
-------------------------+-------+-------+-------+-------++-------
Melee: Unarmed           |   139 |   188 |   294 |   232 ||   853
       Tailslap          |    12 |     5 |    16 |    11 ||    44
       Kick              |    12 |     6 |     5 |    14 ||    37
       Headbutt          |     7 |     4 |     4 |    11 ||    26
       Punch             |     1 |     2 |     2 |     7 ||    12
Throw: Dart              |       |       |     5 |     2 ||     7
 Cast: Beastly Appendage |    21 |     5 |     5 |     6 ||    37
       Spider Form       |       |    14 |    29 |    18 ||    61
       Wereblood         |       |    13 |    22 |    20 ||    55
Invok: Sacrifice Love    |       |       |     1 |       ||     1
       Sacrifice an Eye  |       |       |     1 |       ||     1
  Use: Potion            |       |     3 |     2 |     1 ||     6
       Scroll            |       |       |    11 |     1 ||    12
 Stab: Sleeping          |     1 |     1 |     1 |     1 ||     4
       Distracted        |       |       |     2 |     2 ||     4
       Invisible         |       |       |       |     1 ||     1
Armor: Skin              |    39 |    56 |    59 |    51 ||   205
Dodge: Dodged            |    96 |   140 |   225 |   208 ||   669
Block: Buckler           |       |       |       |    14 ||    14

Table legend: (Time is in decaauts)
 A = Elapsed time spent in this place.
 B = Non-inter-level travel time spent in this place.
 C = Inter-level travel time spent in this place.
 D = Time resting spent in this place.
 E = Time spent auto-exploring this place.
 F = Levels seen in this place.
 G = Mean time per level.
                   A        B        C        D        E       F      G
               +--------+--------+--------+--------+--------+-----+--------+
         Total |  12762 |  12267 |    495 |   1934 |   8159 |  11 | 1160.2 |
       Dungeon |  12522 |  12055 |    467 |   1934 |   7977 |  10 | 1252.2 |
        Temple |    240 |    212 |     28 |      0 |    182 |   1 |  240.0 |
               +--------+--------+--------+--------+--------+-----+--------+

Top non-repeatable levels by time:
     D:8: 1716 daAuts
     D:5: 1486 daAuts
     D:7: 1458 daAuts
     D:1: 1379 daAuts
     D:6: 1212 daAuts
     D:3: 1209 daAuts
     D:2: 1184 daAuts
     D:4: 1099 daAuts
     D:9: 1071 daAuts
    D:10: 704 daAuts
  Temple: 240 daAuts
